| TOP OF THE 1ST |
|
Fresno Grizzlies batting - Pitching for San Jose Bees : RHP Frank Wills
|
|
Pitching: RHP Frank Wills
|
|
|
Batting: RHB Mike Jirschele
|
0-0: Foul Ball, location: 2F 0-1: Ball 1-1: Ball 2-1: Foul Ball, location: 2F 2-2: Ball 3-2: Base on Balls
|
|
Batting: LHB Roger Hill
|
0-0: Foul Ball, location: 2F 0-1: Called Strike 0-2: DOUBLE (Line Drive, 9LS, EV 100.6 MPH) Mike Jirschele to third Mike Jirschele scores
|
|
Batting: RHB Chris Fernandez
|
0-0: Called Strike 0-1: Ball 1-1: Ground out 6-3 (Groundball, 6, EV 88.1 MPH) Roger Hill to third
|
|
Batting: LHB Ron Oddo
|
0-0: Called Strike 0-1: Foul Ball, location: 2F 0-2: Ball 1-2: Ball 2-2: SINGLE (Flyball, 34D, EV 90.6 MPH) Roger Hill scores
|
|
Batting: RHB Tom Johnson
|
0-0: Foul Ball, location: 2F 0-1: Called Strike 0-2: Ball 1-2: Ball 2-2: Strikes out swinging
|
|
Batting: RHB Mike King
|
0-0: Ball 1-0: Fly out, F9 (Flyball, 9, EV 77.5 MPH)
|
| Top of the 1st over - 2 runs, 2 hits, 0 errors, 1 left on base; Fresno 2 - San Jose 0 |
| BOTTOM OF THE 1ST |
|
San Jose Bees batting - Pitching for Fresno Grizzlies : RHP Lee Tunnell
|
|
Pitching: RHP Lee Tunnell
|
|
|
Batting: RHB Anthony Laurenzi
|
0-0: Called Strike 0-1: Called Strike 0-2: Strikes out swinging
|
|
Batting: RHB Ron MacDonald
|
0-0: Ground out 4-3 (Groundball, 34D, EV 82.5 MPH)
|
|
Batting: LHB Stanley Davis
|
0-0: Called Strike 0-1: Ground out 4-3 (Groundball, 4, EV 106.9 MPH)
|
| Bottom of the 1st over - 0 runs, 0 hits, 0 errors, 0 left on base; Fresno 2 - San Jose 0 |
| TOP OF THE 2ND |
|
Fresno Grizzlies batting - Pitching for San Jose Bees : RHP Frank Wills
|
|
Batting: RHB Ivan Mesa
|
0-0: Ball 1-0: Ball 2-0: Ball 3-0: Called Strike 3-1: DOUBLE (Line Drive, 3D, EV 108.8 MPH)
|
|
Batting: RHB Manuel McDonald
|
0-0: Fly out, F2 (Popup, 2L, EV 96.9 MPH)
|
|
Batting: RHB Emilio Carrasquel
|
0-0: Ball 1-0: SINGLE (Groundball, 6MD, EV 106.3 MPH) Ivan Mesa to third Runner from 3rd tries for Home, SAFE, throw by CF to home
|
|
Batting: RHB Mike Jirschele
|
0-0: Foul Ball, location: 2F 0-1: Called Strike 0-2: Ball 1-2: Fielders Choice at 2nd, 1-6 (Groundball, 13, EV 61.9 MPH)
|
|
Batting: LHB Roger Hill
|
0-0: Ball 1-0: Called Strike 1-1: Ball 2-1: Called Strike 2-2: Foul Ball, location: 2F 2-2: Strikes out swinging
|
| Top of the 2nd over - 1 run, 2 hits, 0 errors, 1 left on base; Fresno 3 - San Jose 0 |
| BOTTOM OF THE 2ND |
|
San Jose Bees batting - Pitching for Fresno Grizzlies : RHP Lee Tunnell
|
|
Batting: RHB Tony Evans
|
0-0: Called Strike 0-1: Foul Ball, location: 2F 0-2: Foul Ball, location: 2F 0-2: Ball 1-2: Ground out 4-3 (Groundball, 4MD, EV 106.9 MPH)
|
|
Batting: RHB James Hudson
|
0-0: Reached on error, E5 (Groundball, 56, EV 107.5 MPH)
|
|
Batting: RHB Ricky McMullen
|
0-0: Ball 1-0: Fly out, F9 (Line Drive, 9D, EV 86.9 MPH)
|
|
Batting: RHB Timothy Wallace
|
0-0: Ball 1-0: Ball 2-0: Called Strike 2-1: Ball 3-1: Base on Balls James Hudson to second
|
|
Batting: SHB Nelson Liriano
|
0-0: Fly out, F8 (Line Drive, 8LM, EV 93.1 MPH)
|
| Bottom of the 2nd over - 0 runs, 0 hits, 1 error, 2 left on base; Fresno 3 - San Jose 0 |
| TOP OF THE 3RD |
|
Fresno Grizzlies batting - Pitching for San Jose Bees : RHP Frank Wills
|
|
Batting: RHB Chris Fernandez
|
0-0: Called Strike 0-1: Ball 1-1: Called Strike 1-2: SINGLE (Line Drive, 89M, EV 100.0 MPH)
|
|
Batting: LHB Ron Oddo
|
0-0: Called Strike 0-1: Ball 1-1: Swinging Strike 1-2: Foul Ball, location: 2F 1-2: Fly out, F8 (Line Drive, 8RD, EV 96.9 MPH)
|
|
Batting: RHB Tom Johnson
|
0-0: Called Strike 0-1: Ball 1-1: Foul Ball, location: 2F 1-2: Strikes out swinging
|
|
Batting: RHB Mike King
|
0-0: Ground out 5-3 (Groundball, 56S, EV 75.6 MPH)
|
| Top of the 3rd over - 0 runs, 1 hit, 0 errors, 1 left on base; Fresno 3 - San Jose 0 |
| BOTTOM OF THE 3RD |
|
San Jose Bees batting - Pitching for Fresno Grizzlies : RHP Lee Tunnell
|
|
Batting: RHB Bill Pinkham
|
0-0: SINGLE (Line Drive, 8LS, EV 98.8 MPH)
|
|
Batting: RHB Anthony Laurenzi
|
0-0: Called Strike 0-1: Ball 1-1: Ball 2-1: Ball 3-1: Base on Balls Bill Pinkham to second
|
|
Batting: RHB Ron MacDonald
|
0-0: Foul Ball, location: 2F 0-1: Fly out, F8 (Flyball, 8RD, EV 84.4 MPH)
|
|
Batting: LHB Stanley Davis
|
0-0: Ball 1-0: Called Strike 1-1: Swinging Strike 1-2: Fly out, F8 (Flyball, 8LS, EV 93.1 MPH)
|
|
Batting: RHB Tony Evans
|
0-0: Ball 1-0: Foul Ball, location: 2F 1-1: Called Strike 1-2: Ball 2-2: Reached on error, E4 (Groundball, 34, EV 104.4 MPH) Bill Pinkham to third Anthony Laurenzi to second
|
|
Batting: RHB James Hudson
|
0-0: Called Strike 0-1: Called Strike 0-2: Fielders Choice at 2nd, 6-4 (Groundball, 6, EV 82.5 MPH)
|
| Bottom of the 3rd over - 0 runs, 1 hit, 1 error, 3 left on base; Fresno 3 - San Jose 0 |
| TOP OF THE 4TH |
|
Fresno Grizzlies batting - Pitching for San Jose Bees : RHP Frank Wills
|
|
Batting: RHB Ivan Mesa
|
0-0: Ball 1-0: Foul Ball, location: 2F 1-1: Ground out 4-3 (Groundball, 4, EV 101.3 MPH)
|
|
Batting: RHB Manuel McDonald
|
0-0: Fly out, F9 (Flyball, 9S, EV 88.1 MPH)
|
|
Batting: RHB Emilio Carrasquel
|
0-0: Swinging Strike 0-1: Ball 1-1: Fly out, F8 (Line Drive, 8RD, EV 89.4 MPH)
|
| Top of the 4th over - 0 runs, 0 hits, 0 errors, 0 left on base; Fresno 3 - San Jose 0 |
| BOTTOM OF THE 4TH |
|
San Jose Bees batting - Pitching for Fresno Grizzlies : RHP Lee Tunnell
|
|
Batting: RHB Ricky McMullen
|
0-0: Called Strike 0-1: Called Strike 0-2: Ball 1-2: Ball 2-2: Foul Ball, location: 2F 2-2: SINGLE (Flyball, 3D, EV 100.0 MPH)
|
|
Batting: RHB Timothy Wallace
|
0-0: Swinging Strike 0-1: Ball 1-1: Called Strike 1-2: Foul Ball, location: 2F 1-2: Ball 2-2: Ball 3-2: Foul Ball, location: 2F 3-2: Foul Ball, location: 2F 3-2: Ground out U3 (Groundball, 3S, EV 69.4 MPH) Ricky McMullen to second
|
|
Batting: SHB Nelson Liriano
|
0-0: Called Strike 0-1: Fly out, F7 (Flyball, 7D, EV 92.5 MPH) Runner from 2nd tags up, SAFE at 3rd, no throw by LF
|
|
Batting: RHB Bill Pinkham
|
0-0: Ball 1-0: Fly out, F9 (Flyball, 9S, EV 86.9 MPH)
|
| Bottom of the 4th over - 0 runs, 1 hit, 0 errors, 1 left on base; Fresno 3 - San Jose 0 |
| TOP OF THE 5TH |
|
Fresno Grizzlies batting - Pitching for San Jose Bees : RHP Frank Wills
|
|
Batting: RHB Mike Jirschele
|
0-0: Foul Ball, location: 2F 0-1: Called Strike 0-2: Strikes out looking
|
|
Batting: LHB Roger Hill
|
0-0: Fly out, F4 (Line Drive, 4, EV 72.5 MPH)
|
|
Batting: RHB Chris Fernandez
|
0-0: Ball 1-0: Swinging Strike 1-1: Foul Ball, location: 2F 1-2: Ground out 6-3 (Groundball, 6, EV 88.8 MPH)
|
| Top of the 5th over - 0 runs, 0 hits, 0 errors, 0 left on base; Fresno 3 - San Jose 0 |
| BOTTOM OF THE 5TH |
|
San Jose Bees batting - Pitching for Fresno Grizzlies : RHP Lee Tunnell
|
|
Batting: RHB Anthony Laurenzi
|
0-0: Called Strike 0-1: Swinging Strike 0-2: Ball 1-2: Foul Ball, location: 2F 1-2: Ball 2-2: Foul Ball, location: 2F 2-2: Foul Ball, location: 2F 2-2: Ground out 4-3 (Groundball, 34, EV 96.9 MPH)
|
|
Batting: RHB Ron MacDonald
|
0-0: Ground out 4-3 (Groundball, 34, EV 86.3 MPH)
|
|
Batting: LHB Stanley Davis
|
0-0: Ground out U3 (Groundball, 34S, EV 69.4 MPH)
|
| Bottom of the 5th over - 0 runs, 0 hits, 0 errors, 0 left on base; Fresno 3 - San Jose 0 |
| TOP OF THE 6TH |
|
Fresno Grizzlies batting - Pitching for San Jose Bees : RHP Frank Wills
|
|
Batting: LHB Ron Oddo
|
0-0: Called Strike 0-1: Called Strike 0-2: Ball 1-2: Foul Ball, location: 2F 1-2: Ball 2-2: Ball 3-2: Foul Ball, location: 2F 3-2: SINGLE (Groundball, 4D, EV 110.0 MPH)
|
|
Batting: RHB Tom Johnson
|
0-0: Called Strike 0-1: Fielders Choice at 2nd, 4-6 (Groundball, 4, EV 77.5 MPH)
|
|
Batting: RHB Mike King
|
0-0: Ball 1-0: Foul Ball, location: 2F 1-1: Ball 2-1: Called Strike 2-2: Fly out, F8 (Flyball, 8RXD, EV 90.6 MPH)
|
|
Batting: RHB Ivan Mesa
|
0-0: Called Strike 0-1: Ground out 5-3 (Groundball, 56, EV 89.4 MPH)
|
| Top of the 6th over - 0 runs, 1 hit, 0 errors, 1 left on base; Fresno 3 - San Jose 0 |
| BOTTOM OF THE 6TH |
|
San Jose Bees batting - Pitching for Fresno Grizzlies : RHP Lee Tunnell
|
|
Batting: RHB Tony Evans
|
0-0: SINGLE (Flyball, 8RS, EV 95.0 MPH)
|
|
Batting: RHB James Hudson
|
0-0: Ball 1-0: SINGLE (Groundball, 6D, EV 101.9 MPH) Tony Evans to second
|
|
Batting: RHB Ricky McMullen
|
0-0: Ball 1-0: Fly out, F4 (Line Drive, 4, EV 67.5 MPH)
|
|
Batting: RHB Timothy Wallace
|
0-0: Ball 1-0: Grounds into double play, 5-4-3 (Groundball, 5, EV 100.0 MPH)
|
| Bottom of the 6th over - 0 runs, 2 hits, 0 errors, 1 left on base; Fresno 3 - San Jose 0 |
| TOP OF THE 7TH |
|
Fresno Grizzlies batting - Pitching for San Jose Bees : RHP Frank Wills
|
|
Batting: RHB Manuel McDonald
|
0-0: Ball 1-0: Ground out 5-3 (Groundball, 56S, EV 80.6 MPH)
|
|
Batting: RHB Emilio Carrasquel
|
0-0: Ball 1-0: SOLO HOME RUN (Flyball, 78XD, EV 105.6 MPH), Distance : 406 ft
|
|
Batting: RHB Mike Jirschele
|
0-0: Called Strike 0-1: Foul Ball, location: 2F 0-2: Foul Ball, location: 2F 0-2: Foul Ball, location: 2F 0-2: Foul Ball, location: 2F 0-2: Strikes out swinging
|
|
Batting: LHB Roger Hill
|
0-0: DOUBLE (Line Drive, 8RXD, EV 109.4 MPH)
|
|
Batting: RHB Chris Fernandez
|
0-0: Called Strike 0-1: Foul Ball, location: 2F 0-2: Foul Ball, location: 2F 0-2: Ball 1-2: Strikes out swinging
|
| Top of the 7th over - 1 run, 2 hits, 0 errors, 1 left on base; Fresno 4 - San Jose 0 |
| BOTTOM OF THE 7TH |
|
San Jose Bees batting - Pitching for Fresno Grizzlies : RHP Lee Tunnell
|
|
Batting: SHB Nelson Liriano
|
0-0: Ball 1-0: Fly out, F5 (Popup, 5F, EV 63.1 MPH)
|
|
Batting: RHB Bill Pinkham
|
0-0: Ball 1-0: Swinging Strike 1-1: Foul Ball, location: 2F 1-2: Ball 2-2: Ball 3-2: Strikes out looking
|
|
Batting: RHB Anthony Laurenzi
|
0-0: Called Strike 0-1: Ground out 6-3 (Groundball, 6, EV 93.8 MPH)
|
| Bottom of the 7th over - 0 runs, 0 hits, 0 errors, 0 left on base; Fresno 4 - San Jose 0 |
| TOP OF THE 8TH |
|
Fresno Grizzlies batting - Pitching for San Jose Bees : RHP Frank Wills
|
|
Batting: LHB Ron Oddo
|
0-0: Swinging Strike 0-1: Foul Ball, location: 2F 0-2: Ball 1-2: Ball 2-2: Strikes out swinging
|
|
Batting: RHB Tom Johnson
|
0-0: Foul Ball, location: 2F 0-1: Ball 1-1: Ball 2-1: Ball 3-1: Called Strike 3-2: Foul Ball, location: 2F 3-2: DOUBLE (Groundball, 5L, EV 103.1 MPH)
|
|
Batting: RHB Mike King
|
0-0: Ball Tom Johnson steals 3rd base 1-0: SINGLE (Groundball, 4MD, EV 105.0 MPH) Tom Johnson scores
|
|
Pitching: LHP Gerald Stutzriem
|
|
|
Batting: RHB Ivan Mesa
|
0-0: Foul Ball, location: 2F 0-1: Ball 1-1: Ball 2-1: Fly out, F4 (Line Drive, 4, EV 62.5 MPH) Lined into DP, 4-3 (Line Drive, 4, EV 62.5 MPH)
|
| Top of the 8th over - 1 run, 2 hits, 0 errors, 0 left on base; Fresno 5 - San Jose 0 |
| BOTTOM OF THE 8TH |
|
San Jose Bees batting - Pitching for Fresno Grizzlies : RHP Lee Tunnell
|
|
Batting: RHB Ron MacDonald
|
0-0: Ball 1-0: Ground out 6-3 (Groundball, 6, EV 101.9 MPH)
|
|
Batting: LHB Stanley Davis
|
0-0: SINGLE (Line Drive, 7S, EV 86.3 MPH)
|
|
Batting: RHB Tony Evans
|
0-0: Foul Ball, location: 2F 0-1: Called Strike 0-2: Ball 1-2: Foul Ball, location: 2F 1-2: Foul Ball, location: 2F 1-2: Foul Ball, location: 2F 1-2: SINGLE (Groundball, 6D, EV 97.5 MPH) Stanley Davis to second
|
|
Pitching: RHP James Coffman
|
|
|
Batting: RHB James Hudson
|
0-0: Fly out, F8 (Flyball, 89XD, EV 94.4 MPH) Runner from 2nd tags up, SAFE at 3rd, no throw by CF
|
|
Batting: RHB Ricky McMullen
|
0-0: Ball 1-0: Foul Ball, location: 2F 1-1: Ball 2-1: Ball 3-1: Ground out 4-3 (Groundball, 34, EV 82.5 MPH)
|
| Bottom of the 8th over - 0 runs, 2 hits, 0 errors, 2 left on base; Fresno 5 - San Jose 0 |
| TOP OF THE 9TH |
|
Fresno Grizzlies batting - Pitching for San Jose Bees : LHP Gerald Stutzriem
|
|
Batting: RHB Manuel McDonald
|
0-0: Foul Ball, location: 2F 0-1: Ball 1-1: Ball 2-1: Ball 3-1: Swinging Strike 3-2: SINGLE (Groundball, 5S, EV 69.4 MPH) (infield hit)
|
|
Batting: RHB Emilio Carrasquel
|
0-0: Ball 1-0: Ball 2-0: Foul Ball, location: 2F 2-1: Grounds into double play, 5-4-3 (Groundball, 56, EV 86.9 MPH)
|
|
Batting: RHB Mike Jirschele
|
0-0: Ball 1-0: Called Strike 1-1: Called Strike 1-2: Fly out, F8 (Flyball, 8RM, EV 87.5 MPH)
|
| Top of the 9th over - 0 runs, 1 hit, 0 errors, 0 left on base; Fresno 5 - San Jose 0 |
| BOTTOM OF THE 9TH |
|
San Jose Bees batting - Pitching for Fresno Grizzlies : RHP James Coffman
|
|
Pitching: RHP Chuck McKinney
|
|
|
Batting: RHB Timothy Wallace
|
0-0: Ball 1-0: Ball 2-0: Fly out, F1 (Line Drive, P, EV 70.0 MPH)
|
|
Batting: SHB Nelson Liriano
|
0-0: Foul Ball, location: 2F 0-1: Swinging Strike 0-2: Ball 1-2: Strikes out swinging
|
|
Batting: RHB Bill Pinkham
|
0-0: Ball 1-0: Called Strike 1-1: Foul Ball, location: 2F 1-2: Fly out, F7 (Line Drive, 7D, EV 96.3 MPH)
|
| Bottom of the 9th over - 0 runs, 0 hits, 0 errors, 0 left on base; Fresno 5 - San Jose 0 |
|